 Dungeon Crawl Stone Soup version 0.29.0-4-gdea44cf6ec (webtiles) character file.

Game seed: 11163166551526442721

1106 qw the Grappler (level 8, -3/75 HPs)
             Began as a Troll Cinder Acolyte on Aug 30, 2022.
             Was a Priest of Ignis.
             Slain by a gnoll
             ... wielding a +0 spear
             ... led by a gnoll sergeant
              (8 damage)
             ... on level 5 of the Dungeon.
             The game lasted 00:02:26 (3361 turns).

qw the Grappler (Troll Cinder Acolyte)              Turns: 3361, Time: 00:02:27

Health: -3/75      AC: 14    Str: 25    XL:     8   Next: 11%
Magic:  8/8        EV:  9    Int: 10    God:    Ignis [***...]
Gold:   115        SH:  0    Dex:  5    Spells: 9/9 levels left

rFire   + . .      SeeInvis +     - Unarmed
rCold   . . .      Faith    .   (no shield)
rNeg    . . .      Spirit   .   a - +0 robe
rPois   .          Reflect  .   (helmet restricted)
rElec   .          Harm     .   d - +2 cloak
rCorr   .          Rampage  .   (gloves unavailable)
Will    .....                   (boots unavailable)
Stlth   +.........              (no amulet)
HPRegen 1.02/turn               f - ring of see invisible
MPRegen 0.11/turn               (no ring)

@: lethally poisoned (-3 -> -8), about to teleport, fiery-armoured
A: large, unfitting armour, claws 3, regeneration 1, shaggy fur 1, tough skin 1,
noise suppression
a: Renounce Religion, Fiery Armour, Foxfire Swarm, Rising Flame


You were on level 5 of the Dungeon.
You worshipped Ignis.
Ignis was most pleased with you.
You visited 1 branch of the dungeon, and saw 5 of its levels.
You also visited: Ossuary.

You collected 311 gold pieces.
You spent 196 gold pieces at shops.


Innate Abilities, Weirdness & Mutations

You are too large for most types of armour.
You have claws for hands.
Your natural rate of healing is unusually fast.
You are covered in fur. (AC +1)
You have tough skin. (AC +1)
You passively dampen the noise of your surroundings.


   Skills:
 - Level 3.2 Fighting
 - Level 1.3 Dodging
 + Level 9.5 Unarmed Combat
 - Level 1.0 Spellcasting
 - Level 2.1 Fire Magic


You had 9 spell levels left.
You didn't know any spells.
Your spell library contained the following spells:

 Spells                   Type           Power      Damage    Failure   Level
 Scorch                   Fire           8%         2d5       22%         2

Inventory:

Armour
 a - a +0 robe (worn)
 d - a +2 cloak (worn)
Jewellery
 c - a ring of see invisible
 f - a ring of see invisible (left claw)
Scrolls
 e - a scroll of identify
 h - 3 scrolls of enchant weapon
 i - 2 scrolls of teleportation
Potions
 b - a potion of attraction {unknown}
 g - a potion of resistance {unknown}
 j - 2 potions of might
 k - a potion of curing
 l - 3 potions of mutation
 n - a potion of haste

Dungeon Overview and Level Annotations

Branches:
Dungeon (5/15)             Temple (0/1) D:4         Ossuary (visited)

Altars:
Cheibriados

Shops:
D:3 =***

Annotations:
D:4 1 runed translucent door, Crazy Yiuf
D:5 Pikel


Message History

The killer bee is burned by your cloak of flames.
You kill the killer bee!
You feel very sick. The lemure barely misses you.
The lemure closely misses you. Pikel closely misses you.
You see here a killer bee corpse.
3355 ||| Stepping ~*~*~tactically~*~*~ (outnumbered).
A gnoll comes into view. It is wielding a +0 spear.
You feel sick.
The gnoll shouts!
The gnoll sergeant hits you with a +0 spear of venom.
You closely miss the lemure.
You feel sick. The lemure closely misses you.
The gnoll sergeant barely misses you.
You closely miss the lemure.
You feel sick. The lemure hits you but does no damage.
The gnoll sergeant hits you with a +0 spear of venom.
You are more poisoned.
You barely miss the lemure. Your claw misses the lemure.
You feel very sick.
You barely miss the lemure. You claw the lemure!!
The lemure is severely wounded.
You feel sick. The lemure barely misses you.
The gnoll sergeant hits you with a +0 spear of venom.
3360 ||| READING 3 scrolls of teleportation.
As you read the scroll of teleportation, it crumbles to dust.
You feel strangely unstable.
You feel sick.
The gnoll sergeant hits you with a +0 spear of venom.
You are more poisoned.
The lemure closely misses you.
You claw the lemure!
You kill the lemure!
That felt strangely unrewarding.
You feel very sick.
The gnoll sergeant hits you with a +0 spear of venom.
The gnoll sergeant is burned by your cloak of flames.
The gnoll sergeant is lightly wounded.
The gnoll hits you from afar with a +0 spear!
You die...

...........
#.#######.###
#.##......#
#.##.###### #.##.#
#.##.# #.##.#
######.##.###
##@gg##.##...#
###%###..%.....#
.......K5......#...#
.........#.....#..##
....####......>.....
... #...##........
## ##.###.#........
#.# ......##.#. ..#
......# ..


You could see Pikel, a gnoll sergeant and a gnoll.

Vanquished Creatures
  Menkaure (D:4)
  3 ogres
  3 lemures (D:5)
  An elf zombie (Ossuary)
  4 killer bees (D:5)
  2 hounds
  An orc priest (D:4)
  An iron imp (D:3)
  An iguana (D:4)
  Natasha (thrice) (D:2)
  2 hound zombies (Ossuary)
  4 mummies (Ossuary)
  5 gnolls
  3 adders
  2 worms
  A dart slug (D:1)
  11 orcs
  4 bats
  5 endoplasms
  3 giant cockroaches (D:1)
  12 hobgoblins
  2 quokkas (D:1)
  7 ball pythons
  3 frilled lizards (D:1)
  2 gnoll zombies (Ossuary)
  13 goblins
  2 goblin zombies (D:4)
  11 kobolds
  2 kobold zombies (Ossuary)
  2 orc zombies (Ossuary)
  7 rats
  3 rat zombies (Ossuary)
126 creatures vanquished.

Notes
Turn   | Place    | Note
-------+----------+-------------------------------------------
     0 | D:1      | qw the Troll Cinder Acolyte began the quest for the Orb.
     0 | D:1      | Reached XP level 1. HP: 22/22 MP: 1/1
     0 | D:1      | 0 ||| qw: Version: 0.1-a-95-gae9e614
     0 | D:1      | 0 ||| qw: Game counter: 4366
     0 | D:1      | 0 ||| qw: Always use a shield: true
     0 | D:1      | 0 ||| qw: God list: Okawaru
     0 | D:1      | 0 ||| qw: Allow faded altars: false
     0 | D:1      | 0 ||| qw: Do Orc after D:15 true
     0 | D:1      | 0 ||| qw: Do second Lair branch before Depths: true
     0 | D:1      | 0 ||| qw: Lair rune preference: random
     0 | D:1      | 0 ||| qw: Plans: Normal
     0 | D:1      | 0 ||| PLANNING D:1-11
    31 | D:1      | 31 ||| INVOKING Fiery Armour.
    33 | D:1      | 33 ||| Stepping ~*~*~tactically~*~*~ (outnumbered).
    34 | D:1      | 34 ||| Stepping ~*~*~tactically~*~*~ (outnumbered).
    39 | D:1      | 39 ||| Stepping ~*~*~tactically~*~*~ (outnumbered).
    43 | D:1      | Reached XP level 2. HP: 26/29 MP: 2/2
   110 | D:1      | 110 ||| Stepping ~*~*~tactically~*~*~ (stealth).
   112 | D:1      | 112 ||| Stepping ~*~*~tactically~*~*~ (stealth).
   201 | D:1      | 201 ||| INVOKING Fiery Armour.
   278 | D:1      | 278 ||| Stepping ~*~*~tactically~*~*~ (hiding).
   279 | D:1      | 279 ||| Stepping ~*~*~tactically~*~*~ (hiding).
   281 | D:1      | 281 ||| Stepping ~*~*~tactically~*~*~ (stealth).
   286 | D:1      | Reached skill level 4 in Unarmed Combat
   482 | D:1      | 482 ||| DROPPING ring of magical power.
   483 | D:1      | 483 ||| READING scroll labelled ZEFAKH FUEXZE.
   546 | D:2      | Noticed Natasha
   548 | D:2      | 548 ||| Stepping ~*~*~tactically~*~*~ (hiding).
   550 | D:2      | 550 ||| INVOKING Fiery Armour.
   550 | D:2      | Noticed a crimson imp
   551 | D:2      | 551 ||| Stepping ~*~*~tactically~*~*~ (outnumbered).
   553 | D:2      | 553 ||| Stepping ~*~*~tactically~*~*~ (outnumbered).
   556 | D:2      | Killed Natasha
   557 | D:2      | Reached XP level 3. HP: 31/36 MP: 3/3
   560 | D:2      | Reached skill level 5 in Unarmed Combat
   560 | D:2      | Reached XP level 4. HP: 39/44 MP: 4/4
   784 | D:2      | 784 ||| FLEEEEING.
   870 | D:2      | Noticed Natasha
   871 | D:2      | 871 ||| Stepping ~*~*~tactically~*~*~ (hiding).
   874 | D:2      | Killed Natasha
  1055 | D:2      | Noticed Natasha
  1068 | D:2      | 1068 ||| INVOKING Fiery Armour.
  1069 | D:2      | 1069 ||| Stepping ~*~*~tactically~*~*~ (outnumbered).
  1069 | D:2      | Killed Natasha
  1070 | D:2      | Reached XP level 5. HP: 20/50 MP: 5/5
  1377 | D:2      | 1377 ||| Stepping ~*~*~tactically~*~*~ (stealth).
  1460 | D:2      | 1460 ||| UPGRADING to +0 cloak.
  1465 | D:2      | 1465 ||| DROPPING orb of energy.
  1466 | D:2      | 1466 ||| READING scroll of enchant armour.
  1466 | D:2      | 1466 ||| ENCHANTING +0 cloak.
  1467 | D:2      | 1467 ||| UPGRADING to ring of see invisible.
  1468 | D:2      | 1468 ||| READING 2 scrolls labelled NEBLIL CIRPHOTI.
  1469 | D:2      | 1469 ||| READING scroll labelled JOUCEHU BUYPA.
  1470 | D:2      | 1470 ||| READING scroll labelled JICSURR XARR.
  1501 | D:3      | Reached skill level 6 in Unarmed Combat
  1506 | D:3      | Found Lekuji's Jewellery Emporium.
  1523 | D:3      | 1523 ||| SHOPLISTING +6 ring of dexterity (396 gold, have
                  | 112).
  1523 | D:3      | 1523 ||| SHOPLISTING amulet "Assogg" {+Blink Fly Regen+}
                  | (507 gold, have 112).
  1523 | D:3      | 1523 ||| SHOPLISTING amulet of regeneration (330 gold, have
                  | 112).
  1523 | D:3      | 1523 ||| SHOPLISTING amulet of the acrobat (330 gold, have
                  | 112).
  1523 | D:3      | 1523 ||| SHOPLISTING ring of ice (275 gold, have 112).
  1523 | D:3      | 1523 ||| SHOPLISTING ring of poison resistance (220 gold,
                  | have 112).
  1523 | D:3      | 1523 ||| SHOPLISTING ring of protection from cold (275
                  | gold, have 112).
  1567 | D:3      | Found a snail-covered altar of Cheibriados.
  1645 | D:3      | Found Kowewaa's Assorted Antiques.
  1700 | D:3      | 1700 ||| Stepping ~*~*~tactically~*~*~ (stealth).
  1710 | D:3      | 1710 ||| Stepping ~*~*~tactically~*~*~ (stealth).
  1756 | D:3      | Found Vemuusm's General Store.
  1768 | D:3      | 1768 ||| BUYING scroll of enchant weapon (105 gold).
  1768 | D:3      | Bought a scroll of enchant weapon for 105 gold pieces
  1768 | D:3      | 1768 ||| SHOPLISTING scroll of enchant weapon (105 gold,
                  | have 88).
  1768 | D:3      | 1768 ||| BUYING scroll of teleportation (42 gold).
  1768 | D:3      | Bought a scroll of teleportation for 42 gold pieces
  1870 | D:3      | Found Mososh's General Store.
  1876 | D:3      | 1876 ||| BUYING potion of curing (33 gold).
  1876 | D:3      | Bought a potion of curing for 33 gold pieces
  1876 | D:3      | 1876 ||| SHOPLISTING ring of willpower (275 gold, have 28).
  1876 | D:3      | 1876 ||| SHOPLISTING scroll of teleportation (33 gold, have
                  | 28).
  1917 | D:3      | Found a faded altar of an unknown god.
  2015 | D:3      | 2015 ||| SHOPLISTING 2 green potions (32 gold, have 28).
  2015 | D:3      | 2015 ||| SHOPLISTING 2 murky cyan potions (32 gold, have
                  | 28).
  2015 | D:3      | 2015 ||| BUYING green potion (16 gold).
  2015 | D:3      | Bought a green potion for 16 gold pieces
  2015 | D:3      | 2015 ||| SHOPLISTING knobbly ruby ring (90 gold, have 12).
  2015 | D:3      | 2015 ||| SHOPLISTING potion of curing (54 gold, have 12).
  2015 | D:3      | 2015 ||| SHOPLISTING scroll labelled VIDOISA VUTHRY (18
                  | gold, have 12).
  2015 | D:3      | 2015 ||| READING scroll labelled DOADYUSO SUDU.
  2035 | D:4      | 2035 ||| PLANNING OSSUARY
  2084 | D:4      | Noticed Menkaure
  2085 | D:4      | 2085 ||| Stepping ~*~*~tactically~*~*~ (hiding).
  2092 | D:4      | Killed Menkaure
  2093 | D:4      | Reached skill level 7 in Unarmed Combat
  2093 | D:4      | Reached XP level 6. HP: 59/59 MP: 6/6
  2213 | D:4      | Found a runed translucent door.
  2214 | D:4      | Noticed Crazy Yiuf
  2239 | D:4      | 2239 ||| INVOKING Fiery Armour.
  2310 | D:4      | 2310 ||| Stepping ~*~*~tactically~*~*~ (stealth).
  2312 | D:4      | 2312 ||| Stepping ~*~*~tactically~*~*~ (stealth).
  2314 | D:4      | Found a staircase to the Ecumenical Temple.
  2315 | D:4      | 2315 ||| Stepping ~*~*~tactically~*~*~ (stealth).
  2316 | D:4      | 2316 ||| Stepping ~*~*~tactically~*~*~ (stealth).
  2322 | D:4      | 2322 ||| Stepping ~*~*~tactically~*~*~ (stealth).
  2370 | D:4      | 2370 ||| Stepping ~*~*~tactically~*~*~ (stealth).
  2381 | D:4      | Reached skill level 8 in Unarmed Combat
  2381 | D:4      | Reached XP level 7. HP: 66/66 MP: 7/7
  2442 | D:4      | Found a sand-covered staircase.
  2443 | D:4      | 2443 ||| DROPPING ring of flight.
  2444 | D:4      | 2444 ||| DRINKING 2 sapphire potions.
  2445 | D:4      | 2445 ||| DROPPING potion of magic.
  2460 | Ossuary  | Entered an ossuary
  2461 | Ossuary  | 2461 ||| INVOKING Fiery Armour.
  2469 | Ossuary  | 2469 ||| Stepping ~*~*~tactically~*~*~ (outnumbered).
  2470 | Ossuary  | 2470 ||| Stepping ~*~*~tactically~*~*~ (outnumbered).
  2471 | Ossuary  | 2471 ||| Stepping ~*~*~tactically~*~*~ (outnumbered).
  2472 | Ossuary  | 2472 ||| Stepping ~*~*~tactically~*~*~ (outnumbered).
  2474 | Ossuary  | 2474 ||| Stepping ~*~*~tactically~*~*~ (outnumbered).
  2475 | Ossuary  | 2475 ||| Stepping ~*~*~tactically~*~*~ (outnumbered).
  2476 | Ossuary  | 2476 ||| Stepping ~*~*~tactically~*~*~ (outnumbered).
  2477 | Ossuary  | 2477 ||| Stepping ~*~*~tactically~*~*~ (outnumbered).
  2479 | Ossuary  | 2479 ||| Stepping ~*~*~tactically~*~*~ (outnumbered).
  2480 | Ossuary  | 2480 ||| Stepping ~*~*~tactically~*~*~ (outnumbered).
  2481 | Ossuary  | 2481 ||| Stepping ~*~*~tactically~*~*~ (outnumbered).
  2488 | Ossuary  | 2488 ||| Stepping ~*~*~tactically~*~*~ (outnumbered).
  2489 | Ossuary  | 2489 ||| Stepping ~*~*~tactically~*~*~ (outnumbered).
  2490 | Ossuary  | 2490 ||| Stepping ~*~*~tactically~*~*~ (outnumbered).
  2491 | Ossuary  | 2491 ||| Stepping ~*~*~tactically~*~*~ (outnumbered).
  2506 | Ossuary  | Reached skill level 3 in Fighting
  2544 | Ossuary  | 2544 ||| READING scroll of enchant armour.
  2544 | Ossuary  | 2544 ||| ENCHANTING +1 cloak.
  2650 | Ossuary  | 2650 ||| READING 2 scrolls labelled ICLIMI PUENUGAF.
  2651 | Ossuary  | 2651 ||| READING 2 scrolls labelled UXIESI VOAM.
  2652 | Ossuary  | 2652 ||| DRINKING 3 fuming red potions.
  2653 | Ossuary  | 2653 ||| DRINKING 5 green potions.
  2653 | Ossuary  | Gained mutation: You are occasionally teleported next to
                  | monsters. [potion of mutation]
  2653 | Ossuary  | Gained mutation: You occasionally lose the ability to drink
                  | potions when taking damage. [potion of mutation]
  2653 | Ossuary  | Gained mutation: You expend magic power (3 MP) to
                  | strengthen your wands. [potion of mutation]
  2654 | Ossuary  | 2654 ||| DRINKING 4 potions of mutation.
  2654 | Ossuary  | Lost mutation: You occasionally lose the ability to drink
                  | potions when taking damage. [potion of mutation]
  2654 | Ossuary  | Lost mutation: You are occasionally teleported next to
                  | monsters. [potion of mutation]
  2654 | Ossuary  | Lost mutation: You expend magic power (3 MP) to strengthen
                  | your wands. [potion of mutation]
  2654 | Ossuary  | Gained mutation: You passively dampen the noise of your
                  | surroundings. [potion of mutation]
  2655 | Ossuary  | 2655 ||| DRINKING 2 fizzy yellow potions.
  2656 | Ossuary  | 2656 ||| DROPPING scroll of butterflies.
  2657 | Ossuary  | 2657 ||| DROPPING scroll of fear.
  2670 | D:4      | 2670 ||| PLANNING D:1-11
  3043 | D:4      | 3043 ||| READING 4 scrolls of teleportation.
  3133 | D:5      | Entered Level 5 of the Dungeon
  3134 | D:5      | 3134 ||| PLANNING SEWER
  3134 | D:5      | 3134 ||| STAIRDANCE
  3197 | D:5      | 3197 ||| STAIRDANCE
  3266 | D:5      | 3266 ||| Stepping ~*~*~tactically~*~*~ (stealth).
  3267 | D:5      | 3267 ||| Stepping ~*~*~tactically~*~*~ (stealth).
  3281 | D:5      | Reached skill level 9 in Unarmed Combat
  3337 | D:5      | Noticed Pikel
  3338 | D:5      | 3338 ||| Stepping ~*~*~tactically~*~*~ (stealth).
  3343 | D:5      | 3343 ||| INVOKING Fiery Armour.
  3345 | D:5      | Reached skill level 1 in Dodging
  3345 | D:5      | 3345 ||| Stepping ~*~*~tactically~*~*~ (outnumbered).
  3347 | D:5      | Reached XP level 8. HP: 52/75 MP: 8/8
  3355 | D:5      | 3355 ||| Stepping ~*~*~tactically~*~*~ (outnumbered).
  3359 | D:5      | HP: 15/75 [gnoll sergeant/+0 spear of venom (4)]
  3360 | D:5      | 3360 ||| READING 3 scrolls of teleportation.
  3361 | D:5      | HP: 5/75 [gnoll sergeant/+0 spear of venom (6)]
  3361 | D:5      | Slain by a gnoll

Levels and vault maps discovered:
D:1:      dpeg_arrival_rooms_a, layout_rooms
D:2:      layout_loops_ring, uniq_natasha
D:3:      corexii_shack_village, layout_rooms, slow_altar_1,
          shapermc_ecumenical_altar_venn, serial_shops, nicolae_shop_waterfront,
          shop, shop, nicolae_shop_advertising_works
          [nicolae_subvault_shop_adworks], hangedman_decor_growths
D:4:      layout_basic, minmay_temple_entry_ruins, enter_ossuary_4,
          hangedman_decor_push, uniq_menkaure, uniq_crazy_yiuf_cottage
D:5:      layout_loops_ring, gup_sewer_entry_spiral, grunt_decor_clamped,
          solitary_fountain, uniq_pikel

Skill      XL: |  1  2  3  4  5  6  7 |
---------------+----------------------+-----
Unarmed Combat | 4 5 7 8 9 |  9.5
Fighting       | 3 |  3.2
Dodging        | 1 |  1.3
Spellcasting   | |  1.0
Fire Magic     | |  2.1

Action                   |  1- 3 |  4- 6 |  7- 9 || total
-------------------------+-------+-------+-------++-------
Melee: Unarmed           |    49 |   132 |    99 ||   280
       Punch             |     2 |     5 |     5 ||    12
Invok: Fiery Armour      |     3 |     2 |     2 ||     7
  Use: Scroll            |     1 |     5 |     5 ||    11
       Potion            |       |       |     5 ||     5
Armor: Robe              |    24 |    37 |    53 ||   114
Dodge: Dodged            |    21 |    43 |    46 ||   110

Table legend:
 A = Non-vault XP
 B = Vault XP
 C = Vault XP percentage of total XP
 D = Non-vault monster count
 E = Vault monster count
 F = Vault count percentage of total count
                 A         B        C        D         E       F
            +---------+---------+-------+---------+---------+-------
      Total |    1093 |     487 |  30.8 |      91 |      32 |  26.0
            +---------+---------+-------+---------+---------+-------
        D:1 |      37 |       0 |   0.0 |      22 |       0 |   0.0
        D:2 |     159 |      35 |  18.0 |      23 |       1 |   4.2
        D:3 |      43 |      62 |  59.0 |      17 |      12 |  41.4
        D:4 |     434 |     177 |  29.0 |      22 |       3 |  12.0
        D:5 |     420 |       0 |   0.0 |       7 |       0 |   0.0
    Ossuary |       0 |     213 | 100.0 |       0 |      16 | 100.0
            +---------+---------+-------+---------+---------+-------
